 Dungeon Crawl Stone Soup version 0.17-a0-2073-gde5cdba (webtiles) character file.

1472 radek the Infuser (level 8, -15/48 HPs)
             Began as a Deep Elf Conjurer on Oct 14, 2015.
             Demolished by a wyvern (18 damage)
             ... on level 7 of the Dungeon.
             The game lasted 00:28:01 (4718 turns).

radek the Infuser (Deep Elf Conjurer)               Turns: 4718, Time: 00:28:01

Health: -15/48     AC:  2    Str:  9    XL:     8   Next: 49%
Magic:  10/19      EV: 11    Int: 22    God:
Gold:   153        SH:  0    Dex: 15    Spells: 2 memorised, 13 levels left

rFire  + . .     SeeInvis .     s - +2 quarterstaff of the Pure Hells {drain, Str+3}
rCold  . . .     Clarity  .     a - +0 robe
rNeg   . . .     SustAt   .     (no shield)
rPois  .         Gourm    .     (no helmet)
rElec  .         Spirit   .     (no cloak)
rCorr  .         Warding  .     (no gloves)
rMut   .         Rnd*Tele +     (no boots)
MR     .....                    (no amulet)
Stlth  ++........               n - ring of protection from fire
                                h - ring of teleportation (curse)

@: not resistant to hostile enchantments, unstealthy
A: no striking features
a: Evoke Teleportation


You were on level 7 of the Dungeon.
You were not hungry.

You visited 2 branches of the dungeon, and saw 6 of its levels.

You collected 153 gold pieces.

Inventory:

Hand Weapons
 e - a +1 hand axe of venom
 s - the +2 quarterstaff of the Pure Hells (weapon) {drain, Str+3}
   (You found it on level 4 of the Dungeon)

   A truly terrible weapon, it drains the life of those it strikes.
   It affects your strength (+3).
Armour
 a - a +0 robe (worn)
Jewellery
 h - a cursed ring of teleportation (left hand)
 n - a ring of protection from fire (right hand)
 q - a cursed ring of loudness {unknown}
 r - an uncursed amulet of the gourmand {unknown}
Scrolls
 d - a scroll of teleportation
 i - a scroll of amnesia {unknown}
 j - 2 scrolls of recharging {unknown}
 o - 2 scrolls of identify {unknown}
 t - a scroll of enchant weapon {unknown}
 u - a scroll of remove curse {unknown}
Potions
 f - a potion of mutation {unknown}
 g - 2 potions of agility
 k - a potion of lignification {unknown}
 l - a potion of haste {unknown}
 m - a potion of might {unknown}
 v - a potion of curing
Books
 b - a book of Conjurations

   Spells                             Type                      Level
   a - Magic Dart                     Conjuration                  1
   b - Searing Ray                    Conjuration                  2
   c - Dazzling Spray                 Conjuration/Hexes            3
   d - Fulminant Prism                Conjuration/Hexes            4
   e - Iskenderun's Mystic Blast      Conjuration                  4
   f - Iskenderun's Battlesphere      Conjuration/Charms           5
Comestibles
 c - 2 bread rations


   Skills:
 + Level 4.3 Fighting
 + Level 0.2 Staves
 + Level 7.2 Dodging
 - Level 2.4 Stealth
 + Level 6.4 Spellcasting
 - Level 9.6 Conjurations
 * Level 11.3 Charms


You had 13 spell levels left.
You knew the following spells:

 Your Spells              Type           Power        Failure   Level  Hunger
a - Magic Dart            Conj           ####         1%          1    None
b - Iskenderun's Battles  Conj/Chrm      ######..     3%          5    #####..


Dungeon Overview and Level Annotations

Branches:
Dungeon (7/15)             Temple (1/1) D:4

Altars:
Dithmenos
Elyvilon
Fedhas
Gozag
Kikubaaqudgha
Makhleb
Qazlal
Ru
Sif Muna
Trog
Vehumet
Xom
Yredelemnul
The Shining One

Annotations:
D:7 Joseph


Message History

Your surroundings suddenly seem different.
Found a stone staircase leading down.
A wyvern comes into view.
A wyvern is nearby!
Found 6 gold pieces.
Joseph, a Mercenary comes into view.
He is wielding a quarterstaff of draining.
Joseph shouts!
Joseph unwields an uncursed quarterstaff of draining.
Joseph wields a runed hunting sling.
It bursts into flame!
Joseph shoots a sling bullet.
The sling bullet hits you. The sling bullet burns you.
You see here a sling bullet.
A quokka comes into view.
Joseph shoots a sling bullet.
The sling bullet hits you!!
* * * LOW HITPOINT WARNING * * *
The wyvern misses you.
There is a stone staircase leading up, spattered with blood here.
You see here a sling bullet.
The wyvern bites you!!
You die...

r... ... ....# #... ..... #...
.$..# #.. ...# #.@. .....##..
...###..# ......... #..#..#
........# ##....# ... .......#
###.l@.# .. #....####..(.#..#
##.. #...#....###..# #..
######........# #..###..
.......#####.....#......#####.#
.......## ###................#
#####...## ##...........#
#....# ...##....### #>.....# ..
##....#


You could see Joseph, a wyvern and a quokka (sleeping).

Vanquished Creatures
  The ghost of tp1 the Infuser, a novice DECj of Vehumet (D:7)
  Menkaure (D:4)
  2 ogres (D:4)
  A phantom (D:4)
  Blork the orc (D:4)
  A water moccasin zombie (D:7)
  A hound (D:3)
  An orc priest (D:4)
  3 orc wizards (D:4)
  2 worker ants (D:4)
  Natasha (D:4)
  A hound skeleton (D:4)
  8 adders
  3 worms
  A giant gecko (D:4)
  9 orcs
  4 bats
  4 goblins (D:1)
  6 hobgoblins
  A quokka (D:4)
  3 giant cockroaches
  9 giant newts
  11 kobolds
  4 rats
79 creatures vanquished.

Vanquished Creatures (others)
  A hound skeleton (D:4)
  Natasha (D:4)
2 creatures vanquished.

Grand Total: 81 creatures vanquished

Notes
Turn   | Place    | Note
--------------------------------------------------------------
     0 | D:1      | radek the Deep Elf Conjurer began the quest for the Orb.
     0 | D:1      | Reached XP level 1. HP: 10/10 MP: 6/6
   247 | D:1      | Reached XP level 2. HP: 15/15 MP: 0/8
   321 | D:1      | Reached skill level 5 in Conjurations
   983 | D:2      | Reached XP level 3. HP: 16/19 MP: 3/9
  1855 | D:2      | You fall through a shaft!
  1917 | D:3      | Reached skill level 6 in Conjurations
  1997 | D:3      | Reached XP level 4. HP: 24/24 MP: 1/10
  2553 | D:4      | Noticed an ogre
  2559 | D:4      | Killed an ogre
  2559 | D:4      | Reached skill level 7 in Conjurations
  2559 | D:4      | Reached XP level 5. HP: 28/28 MP: 4/11
  2860 | D:3      | Learned a level 5 spell: Iskenderun's Battlesphere
  2869 | D:3      | Reached skill level 9 in Conjurations
  2869 | D:3      | Reached skill level 10 in Charms
  2869 | D:3      | Reached XP level 6. HP: 9/38 MP: 8/12
  3372 | D:4      | Noticed a phantom
  3376 | D:4      | Killed a phantom
  3376 | D:4      | Reached XP level 7. HP: 43/43 MP: 4/14
  3701 | D:4      | Noticed an ogre
  3706 | D:4      | Killed an ogre
  3778 | D:4      | Noticed Menkaure
  3841 | D:4      | Killed Menkaure
  3842 | D:4      | Found a radiant altar of Vehumet.
  3855 | D:4      | Got a transparent quarterstaff
  3926 | D:4      | Identified the +2 quarterstaff of the Pure Hells {drain, Str+3} (You found it on level 4 of the Dungeon)
  3941 | D:4      | Noticed Blork the orc
  3953 | D:4      | Killed Blork the orc
  3953 | D:4      | Reached skill level 5 in Spellcasting
  4061 | D:4      | Noticed Natasha
  4062 | D:4      | Killed Natasha
  4063 | D:4      | Killed Natasha
  4250 | D:4      | Found a staircase to the Ecumenical Temple.
  4259 | Temple   | Entered the Ecumenical Temple
  4452 | D:4      | Reached skill level 11 in Charms
  4645 | D:4      | You fall through a shaft for 3 floors!
  4645 | D:7      | Noticed tp1's ghost (novice DECj)
  4651 | D:7      | Killed tp1's ghost
  4651 | D:7      | Reached XP level 8. HP: 27/48 MP: 7/19
  4705 | D:7      | Noticed a wyvern
  4714 | D:7      | Noticed Joseph
  4717 | D:7      | HP: 2/48 [Joseph/sling bullet (18)]
  4718 | D:7      | Demolished by a wyvern

Vault maps used:
D:1:      eino_arrival_water_star
D:4:      fiery_altar_vehumet, minmay_temple_entry_poolview, uniq_natasha,
          uniq_blork_the_orc, uniq_menkaure
D:7:      uniq_joseph
Temple:   nicolae_temple_god_jail

Action                   |  1- 3 |  4- 6 |  7- 9 || total
-------------------------+-------+-------+-------++-------
Melee: Hand axe          |       |     5 |       ||     5
       Quarterstaff      |       |       |     2 ||     2
 Cast: Magic Dart        |    84 |    53 |    64 ||   201
       Iskenderun's Batt |       |     1 |     6 ||     7
 Abil: Evoke Teleportati |     1 |       |       ||     1
  Use: Scroll            |     1 |       |       ||     1
       Potion            |       |     7 |       ||     7
  Eat: Chunk             |     3 |     2 |     2 ||     7
       Bread ration      |       |     1 |       ||     1
       Meat ration       |       |       |     1 ||     1
       Fruit             |       |       |     1 ||     1
